 Dungeon Crawl Stone Soup version 0.27-a0-668-gb5737ff2c0 (webtiles) character file.

Game seed: 7500904341883268698

1045 spiderkeys the Spear-Bearer (level 8, -2/105 HPs)
             Began as a Minotaur Berserker on Mar 17, 2021.
             Was a Priest of Trog.
             Slain by Prince Ribbit (12 damage)
             ... on level 5 of the Dungeon.
             The game lasted 00:04:42 (5319 turns).

spiderkeys the Spear-Bearer (Minotaur Berserker)    Turns: 5319, Time: 00:04:43

Health: -2/105     AC: 11    Str: 25    XL:     8   Next: 4%
Magic:  7/7        EV:  9    Int:  4    God:    Trog [***...]
Gold:   123        SH:  0    Dex:  9    Spells: 7/7 levels left

rFire    . . .     SeeInvis +   r - +0 scythe
rCold    + . .     Faith    .   (shield currently unavailable)
rNeg     . . .     Spirit   .   o - +1 chain mail {rC+}
rPois    .         Reflect  .   (helmet restricted)
rElec    .         Harm     .   (no cloak)
rCorr    .         Rampage  .   (no gloves)
Will     .....                  (no boots)
Stlth    ..........             (no amulet)
HPRegen  0.27/turn              l - ring of see invisible
MPRegen  0.10/turn              (no ring)

@: berserking (expiring), very quick
A: horns 2, retaliatory headbutt
a: Renounce Religion, Berserk, Trog's Hand


You were on level 5 of the Dungeon.
You worshipped Trog.
Trog was most pleased with you.
You visited 1 branch of the dungeon, and saw 5 of its levels.

You collected 227 gold pieces.
You spent 104 gold pieces at shops.

Inventory:

Hand Weapons
 a - a +0 spear
 r - a +0 scythe (weapon)
Missiles
 m - 8 javelins
Armour
 o - a +1 chain mail of cold resistance (worn)
Jewellery
 l - a ring of see invisible (right hand)
 q - the ring "Xetrario" {rElec rPois Will- Dex+4 SInv}
   (You took it off Sigmund on level 4 of the Dungeon)

   [ring of poison resistance]

   It affects your dexterity (+4).
   It insulates you from electricity.
   It protects you from poison.
   It affects your willpower, your defense against some magical effects.
   It lets you see invisible.
 x - a ring of resist corrosion
Wands
 n - a wand of acid (12)
 p - a wand of iceblast (9)
Scrolls
 c - 3 scrolls of enchant armour {unknown}
 d - 3 scrolls of identify {unknown}
 e - a scroll of fear {unknown}
 f - a scroll of magic mapping {unknown}
 g - a scroll of summoning {unknown}
 h - 2 scrolls of teleportation {unknown}
 j - a scroll of holy word {unknown}
 t - a scroll of vulnerability {unknown}
 u - a scroll of enchant weapon {unknown}
Potions
 b - 2 potions of heal wounds
 i - a potion of lignification {unknown}
 k - a potion of flight {unknown}
 s - a potion of might {unknown}
 v - a potion of degeneration {unknown}
 w - 3 potions of curing


   Skills:
 + Level 6.1 Fighting
 * Level 8.0 Polearms
 + Level 5.5 Armour
 + Level 5.0 Dodging


You had 7 spell levels left.
You didn't know any spells.
Your spell library contained the following spells:

 Spells                   Type           Power      Damage    Failure   Level
 Animate Skeleton         Necr           0%         N/A       98%         1
 Apportation              Tloc           0%         N/A       98%         1
 Beastly Appendage        Tmut           0%         N/A       98%         1
 Corona                   Hex            0%         N/A       98%         1
 Magic Dart               Conj           0%         1d3       98%         1
 Summon Small Mammal      Summ           0%         N/A       98%         1
 Blink                    Tloc           N/A        N/A       99%         2
 Call Imp                 Summ           0%         N/A       99%         2
 Slow                     Hex            0%         N/A       99%         2
 Wereblood                Tmut           0%         N/A       99%         2
 Conjure Flame            Conj/Fire      0%         6-21      100%        3
 Mephitic Cloud           Conj/Pois/Air  0%         N/A       100%        3
 Spider Form              Tmut/Pois      0%         N/A       100%        3
 Ice Form                 Ice/Tmut       0%         N/A       100%        4
 Blade Hands              Tmut           0%         N/A       100%        5


Dungeon Overview and Level Annotations

Branches:
Dungeon (5/15)
 Temple: D:4-7

Altars:
Hepliaklqana
Makhleb
Ru

Shops:
D:5 !

Annotations:
D:5 Prince Ribbit


Innate Abilities, Weirdness & Mutations

You have a pair of horns on your head.
You reflexively headbutt those who attack you in melee.


Message History

Prince Ribbit is lightly wounded.
Prince Ribbit lets out a mournful croak.
Prince Ribbit blinks!
You closely miss Prince Ribbit.
Prince Ribbit is lightly wounded.
Prince Ribbit barely misses you.
Prince Ribbit blinks!
You barely miss Prince Ribbit. Your headbutt misses Prince Ribbit.
Prince Ribbit is lightly wounded.
Prince Ribbit hits you! x3
You are too injured to fight recklessly!
You are too injured to fight recklessly!
You are too injured to fight recklessly!
You are too injured to fight recklessly!
A red film seems to cover your vision as you go berserk!
You feel yourself moving faster!
You feel mighty! Prince Ribbit hits you!
You miss Prince Ribbit. Your headbutt misses Prince Ribbit.
Prince Ribbit is lightly wounded.
Prince Ribbit hits you.
* * * LOW HITPOINT WARNING * * *
You closely miss Prince Ribbit.
Prince Ribbit is lightly wounded.
Prince Ribbit hits you but does no damage.
Prince Ribbit hits you!
* * * LOW HITPOINT WARNING * * *
You closely miss Prince Ribbit.
Prince Ribbit is lightly wounded.
Prince Ribbit hits you but does no damage.
You closely miss Prince Ribbit. Your headbutt misses Prince Ribbit.
Prince Ribbit is lightly wounded.
Prince Ribbit hits you but does no damage. x2
You miss Prince Ribbit. Your headbutt misses Prince Ribbit.
Prince Ribbit is lightly wounded.
Prince Ribbit hits you.
* * * LOW HITPOINT WARNING * * *
You barely miss Prince Ribbit. Your headbutt misses Prince Ribbit.
Prince Ribbit is lightly wounded.
Prince Ribbit hits you!
* * * LOW HITPOINT WARNING * * *
Prince Ribbit hits you!
You die...

### ... #.### #...#
#####@#####
#########....F....#
#..........##.###.#
#.............#
#..........####
####....##.....#
#.##.# .#####
#.##.# .# #.##.. .#


You could see Prince Ribbit.

Vanquished Creatures
  Sigmund (D:4)
  The ghost of robertstho the Chopper, an amateur MiBe of Trog (D:4)
  A yak (D:4)
  An ogre (D:4)
  A phantom (D:4)
  A scorpion (D:4)
  A howler monkey (D:5)
  A centaur zombie (D:5)
  A hound (D:5)
  An iguana (D:5)
  Ijyb (D:4)
  An orc wizard (D:4)
  2 worker ants
  7 adders
  A white imp (D:5)
  An ooze (D:1)
  An adder skeleton (D:5)
  3 worms
  A dart slug (D:4)
  4 leopard geckos
  6 orcs
  2 giant cockroaches
  8 goblins
  5 hobgoblins
  9 jackals
  2 quokkas
  8 bats
  2 frilled lizards (D:1)
  5 kobolds
  A leopard gecko zombie (D:2)
  A quokka skeleton (D:5)
  11 rats
92 creatures vanquished.

Vanquished Creatures (others)
  A plant (D:4)
1 creature vanquished.

Grand Total: 93 creatures vanquished

Notes
Turn   | Place    | Note
-------+----------+-------------------------------------------
     0 | D:1      | spiderkeys the Minotaur Berserker began the quest for the
                  | Orb.
     0 | D:1      | Reached XP level 1. HP: 19/19 MP: 0/0
   194 | D:1      | Reached XP level 2. HP: 27/27 MP: 1/1
   227 | D:1      | Reached skill level 4 in Polearms
   477 | D:1      | Reached ** piety under Trog
   713 | D:2      | Reached XP level 3. HP: 31/33 MP: 2/2
  1182 | D:2      | Reached XP level 4. HP: 38/40 MP: 3/3
  2171 | D:3      | Reached skill level 5 in Polearms
  2590 | D:4      | Noticed a phantom
  2605 | D:4      | Killed a phantom
  2606 | D:4      | Reached XP level 5. HP: 40/47 MP: 4/4
  2679 | D:4      | Noticed Ijyb
  2694 | D:4      | Killed Ijyb
  2944 | D:4      | Noticed an ogre
  2951 | D:4      | HP: 2/70 [ogre/+0 giant club (5)]
  2952 | D:4      | Killed an ogre
  2953 | D:4      | Reached skill level 6 in Polearms
  2953 | D:4      | Reached XP level 6. HP: 3/55 MP: 5/5
  3335 | D:4      | Found a runed translucent door.
  3335 | D:4      | Noticed robertstho's ghost (amateur MiBe)
  3336 | D:4      | Noticed a yak
  3349 | D:4      | Killed robertstho's ghost
  3350 | D:4      | Reached skill level 5 in Fighting
  3351 | D:4      | Killed a yak
  3352 | D:4      | Reached XP level 7. HP: 61/61 MP: 6/6
  3658 | D:4      | Identified the +6 hand axe "Kewuram" {pain, Dex+5}
  3703 | D:4      | Identified the ring "Xetrario" {rElec rPois Will- Dex+4
                  | SInv}
  3703 | D:4      | Noticed Sigmund
  3712 | D:4      | Killed Sigmund
  3713 | D:4      | Reached skill level 7 in Polearms
  3713 | D:4      | Reached skill level 5 in Armour
  4039 | D:4      | Reached *** piety under Trog
  4107 | D:4      | Found a sacrificial altar of Ru.
  4108 | D:4      | Found a burning altar of Makhleb.
  4370 | D:4      | Found a hazy altar of Hepliaklqana.
  4544 | D:5      | Entered Level 5 of the Dungeon
  4744 | D:5      | Found Iraeroa's Distillery.
  4757 | D:5      | Bought a potion of heal wounds for 65 gold pieces
  4757 | D:5      | Bought a potion of curing for 39 gold pieces
  4878 | D:5      | Noticed Prince Ribbit
  5144 | D:5      | Reached skill level 8 in Polearms
  5144 | D:5      | Reached skill level 5 in Dodging
  5144 | D:5      | Reached XP level 8. HP: 67/70 MP: 7/7
  5319 | D:5      | Slain by Prince Ribbit

Illustrated notes

Levels and vault maps discovered:
D:1:      dpeg_arrival_shrine, layout_rooms
D:2:      layout_basic, chequers_serial_rivers_micro_a, minmay_tromino_v4_b
D:3:      layout_basic
D:4:      layout_loops_corners, nzn_hepliaklqana_mist_gate,
          grunt_temple_overflow_open, ebering_ghost_inner_flame,
          serial_bayou_pond_b, uniq_ijyb, uniq_sigmund
D:5:      layout_basic, serial_shops, shop, kennysheep_generic_room_7,
          uniq_prince_ribbit1, uniq_crazy_yiuf_cottage

Skill      XL: |  1  2  3  4  5  6  7 |
---------------+----------------------+-----
Polearms       | 4 5 6 8 |  8.0
Fighting       | 4 5 6 |  6.1
Armour         | 3 4 5 |  5.5
Dodging        | 3 4 5 |  5.0

Action                   |  1- 3 |  4- 6 |  7- 9 || total
-------------------------+-------+-------+-------++-------
Melee: Spear             |    83 |   142 |    11 ||   236
       Headbutt          |    11 |    21 |    14 ||    46
       Scythe            |       |       |    76 ||    76
Invok: Berserk           |     1 |     2 |     3 ||     6
  Use: Potion            |     1 |       |       ||     1
Armor: Animal skin       |    15 |     4 |       ||    19
       Chain mail        |       |    13 |    53 ||    66
Dodge: Dodged            |    35 |    37 |    34 ||   106

Table legend: (Time is in decaauts)
 A = Elapsed time spent in this place.
 B = Non-inter-level travel time spent in this place.
 C = Inter-level travel time spent in this place.
 D = Time resting spent in this place.
 E = Time spent auto-exploring this place.
 F = Levels seen in this place.
 G = Mean time per level.
                   A        B        C        D        E       F      G
               +--------+--------+--------+--------+--------+-----+--------+
         Total |   5384 |   5245 |    139 |    970 |   3684 |   5 | 1076.8 |
       Dungeon |   5384 |   5245 |    139 |    970 |   3684 |   5 | 1076.8 |
               +--------+--------+--------+--------+--------+-----+--------+

Top non-repeatable levels by time:
     D:4: 2218 daAuts
     D:3: 918 daAuts
     D:5: 822 daAuts
     D:2: 760 daAuts
     D:1: 664 daAuts
